 Dungeon Crawl Stone Soup version 0.28.0-43-g3370ac3207 (webtiles) character file.

Game seed: 4443039980490117753

732 CryoSword the Skirmisher (level 7, -9/114 HPs)
             Began as an Ogre Berserker on Mar 15, 2022.
             Was a Believer of Trog.
             Mangled by a two-headed ogre
             ... wielding a +0 giant spiked club
              (22 damage)
             ... on level 5 of the Dungeon on Mar 16, 2022.
             The game lasted 00:05:40 (5098 turns).

CryoSword the Skirmisher (Ogre Berserker)           Turns: 5098, Time: 00:05:41

Health: -9/114     AC:  3    Str: 22    XL:     7   Next: 73%
Magic:  7/7        EV: 11    Int:  8    God:    Trog [**....]
Gold:   210        SH:  0    Dex: 10    Spells: 6/6 levels left

rFire   + . .      SeeInvis +   m - +0 flail
rCold   + . .      Faith    .   (no shield)
rNeg    . . .      Spirit   .   b - +0 animal skin
rPois   .          Reflect  .   (helmet restricted)
rElec   .          Harm     .   f - scarf {rC+ rF+}
rCorr   .          Rampage  .   (gloves unavailable)
Will    ++...                   (boots unavailable)
Stlth   ..........              a - amulet of regeneration
HPRegen 2.09/turn               o - ring of see invisible
MPRegen 0.10/turn               (no ring)

@: berserking, strong-willed, regenerating, very quick
A: large, unfitting armour, tough skin 1
a: Renounce Religion, Berserk, Trog's Hand


You were on level 5 of the Dungeon.
You worshipped Trog.
Trog was pleased with you.
You visited 1 branch of the dungeon, and saw 5 of its levels.

You collected 210 gold pieces.

Inventory:

Hand Weapons
 m - a +0 flail (weapon)
   (You found it on level 3 of the Dungeon)
Missiles
 q - 6 atropa-tipped darts (quivered)
Armour
 b - a +0 animal skin (worn)
 f - a scarf of resistance (worn)
   (You found it on level 1 of the Dungeon)
Jewellery
 a - an amulet of regeneration (around neck)
   (You found it on level 4 of the Dungeon)
 o - a ring of see invisible (left hand)
   (You found it on level 4 of the Dungeon)
Scrolls
 e - a scroll of blinking
 g - 2 scrolls of teleportation {@r4}
 h - a scroll of holy word {unknown}
 j - a scroll of noise {unknown}
 k - a scroll of acquirement {unknown}
 n - 2 scrolls of identify {unknown}
 p - a scroll of magic mapping {unknown}
 s - a scroll of fog {unknown}
Potions
 c - a potion of heal wounds {unknown}
 d - 2 potions of ambrosia {unknown}
 i - 2 potions of brilliance {unknown}
 l - a potion of mutation {unknown}
 r - a potion of berserk rage {unknown}


   Skills:
 + Level 6.7 Fighting
 * Level 6.0 Maces & Flails
 + Level 4.6 Dodging


You had 6 spell levels left.
You didn't know any spells.
Your spell library was empty.

Dungeon Overview and Level Annotations

Branches:
Dungeon (5/15)
 Temple: D:4-7

Altars:
Ashenzari


Innate Abilities, Weirdness & Mutations

You are too large for most types of armour.
You have tough skin. (AC +1)


Message History

The hound bites you.
A centaur skeleton comes into view.
The hound bites you.
There is a stone staircase leading up here.
The hound bites you.
Something unseen opens the door.
You climb upwards.
There is a stone staircase leading down here.
You hit the hound. The hound bites you. The hound closely misses you.
You hit the hound. The hound bites you.
* * * LOW HITPOINT WARNING * * *
You barely miss the hound. The hound bites you but does no damage.
The hound pauses to sniff the ground.
The hound misses you.
You closely miss the hound. The hound bites you.
* * * LOW HITPOINT WARNING * * *
The hound bites you but does no damage.
You thump the hound!
You kill the hound!
Trog accepts your kill.
You start resting.
There is a stone staircase leading down here.
You start putting on your amulet.
You continue putting on your amulet of regeneration. x5
You finish putting on your amulet of regeneration.
The amulet throbs as it attunes itself to your uninjured body.
a - an amulet of regeneration (around neck)
o - a ring of see invisible (left hand) Blink to where?
As you read the scroll labelled XEONWO VYRGH, it crumbles to dust.
It was a scroll of blinking.
Okay, then.
Okay, then.
There is a stone staircase leading down here.
You climb downwards.
The orc hits you with a +0 war axe!
There is a stone staircase leading up here.
The orc barely misses you.
You climb upwards.
There is a stone staircase leading down here.
You closely miss the orc. The orc misses you.
You closely miss the orc. The orc hits you but does no damage.
You sock the orc!
You kill the orc!
Trog accepts your kill.
Things that are here:
a +0 war axe; an orc corpse
There is a stone staircase leading down here.
You start waiting.
Done waiting.
You can't go up here!
You climb downwards.
There is a stone staircase leading up here.
A centaur skeleton comes into view.
A centaur skeleton is nearby!
A centaur skeleton is nearby!
You hit the centaur skeleton.
The centaur skeleton closely misses you.
The centaur skeleton kicks you but does no damage.
The centaur skeleton hits you.
The centaur skeleton kicks you but does no damage.
You thump the centaur skeleton! The centaur skeleton hits you.
The centaur skeleton closely misses you.
You hit the centaur skeleton.
The centaur skeleton closely misses you.
The centaur skeleton kicks you but does no damage.
The centaur skeleton hits you. The centaur skeleton barely misses you.
You hit the centaur skeleton. The centaur skeleton hits you.
The centaur skeleton kicks you but does no damage.
You hit the centaur skeleton.
The centaur skeleton hits you but does no damage.
The centaur skeleton kicks you. The centaur skeleton hits you.
The centaur skeleton closely misses you.
The centaur skeleton hits you. The centaur skeleton barely misses you.
You hit the centaur skeleton. The centaur skeleton hits you.
The centaur skeleton barely misses you. x2
The centaur skeleton closely misses you.
You sock the centaur skeleton!
You destroy the centaur skeleton!
Trog accepts your kill. The centaur skeleton misses you.
The centaur skeleton kicks you.
You thump the centaur skeleton!
The centaur skeleton closely misses you.
The centaur skeleton kicks you.
The centaur skeleton hits you but does no damage.
The centaur skeleton misses you.
You hit the centaur skeleton but do no damage.
The centaur skeleton closely misses you.
The centaur skeleton barely misses you.
You hit the centaur skeleton.
The centaur skeleton closely misses you.
The centaur skeleton kicks you but does no damage.
The centaur skeleton hits you.
The centaur skeleton closely misses you.
You sock the centaur skeleton! The centaur skeleton hits you.
The centaur skeleton closely misses you.
You thump the centaur skeleton!
You destroy the centaur skeleton!
Trog accepts your kill.
No target in view!
Could not explore, unopened door.
Could not explore, unopened door.
Could not explore, unopened door.
You open the door.
There is an open door here.
Found a stone staircase leading down.
n - 2 scrolls labelled UPSOQU OLUVINA (gained 1)
You see here 18 stones.
A jelly comes into view.
The jelly quivers.
You hit the jelly but do no damage.
Your hands burn!
The jelly hits you but does no damage. The jelly hits you.
You are splashed with acid.
You thump the jelly!
Your hands burn!
The jelly barely misses you.
You barely miss the jelly. The jelly completely misses you.
You thump the jelly!
You kill the jelly!
Trog accepts your kill.
Your Maces & Flails skill increases to level 6!
No target in view!
There is a stone staircase leading down here.
r - a murky purple potion
Found a stone staircase leading down.
s - a scroll labelled EHUEKK JATHRI
Found an escape hatch in the ceiling.
A two-headed ogre comes into view.
It is wielding a +0 giant spiked club and a +0 giant club.
The two-headed ogre shouts in stereo!
A two-headed ogre is nearby!
A two-headed ogre is nearby!
You hit the two-headed ogre but do no damage.
The two-headed ogre hits you with a +0 giant spiked club!
The two-headed ogre hits you with a +0 giant club!
Your skin crawls.
You feel strong-willed.
A red film seems to cover your vision as you go berserk!
You feel yourself moving faster!
You feel mighty!
The two-headed ogre hits you with a +0 giant spiked club!!
The two-headed ogre hits you with a +0 giant club!!
* * * LOW HITPOINT WARNING * * *
You bludgeon the two-headed ogre!! The two-headed ogre barely misses you.
The two-headed ogre misses you.
You sock the two-headed ogre!
You completely miss the two-headed ogre.
The two-headed ogre barely misses you.
The two-headed ogre hits you with a +0 giant club!!
* * * LOW HITPOINT WARNING * * *
You hit the two-headed ogre. You barely miss the two-headed ogre.
The two-headed ogre hits you with a +0 giant spiked club!
* * * LOW HITPOINT WARNING * * *
The two-headed ogre hits you with a +0 giant club!!
You die...

.. #.# #.# #.#
#. #.# #.# #.#
#.###.###.# #.#
#..<......###.#
#.............#
#.###.#######.#
#.###.# #.#
#.....# #.#
#.###@# #.#
......O.# #.#
###.###.# #.#
#.# #.# #.# #.#
#.# #.#


You could see a two-headed ogre.

Vanquished Creatures
  A sky beast (D:5)
  A black bear (D:4)
  A phantom (D:2)
  2 howler monkeys
  3 jellies
  4 hounds (D:4)
  2 centaur skeletons (D:5)
  4 adders
  4 gnolls (D:4)
  3 worms
  3 orcs
  8 bats
  5 endoplasms
  4 giant cockroaches
  4 goblins
  3 kobolds
  2 quokkas
  3 ball pythons
  5 frilled lizards
  2 rats
64 creatures vanquished.

Notes
Turn   | Place    | Note
-------+----------+-------------------------------------------
     0 | D:1      | CryoSword the Ogre Berserker began the quest for the Orb.
     0 | D:1      | Reached XP level 1. HP: 24/24 MP: 1/1
   146 | D:1      | Reached XP level 2. HP: 32/32 MP: 2/2
   514 | D:1      | Found a faded altar of an unknown god.
   729 | D:2      | Noticed a phantom
   738 | D:2      | HP: 2/48 [phantom (9)]
   739 | D:2      | Killed a phantom
   740 | D:2      | Reached XP level 3. HP: 3/41 MP: 3/3
   740 | D:2      | Reached XP level 4. HP: 4/49 MP: 4/4
  1371 | D:2      | Reached skill level 5 in Fighting
  1744 | D:3      | Reached XP level 5. HP: 44/57 MP: 5/5
  2123 | D:3      | Identified the amulet "Ucecuj" {Spirit rF+}
  2238 | D:3      | Reached ** piety under Trog
  2791 | D:4      | Found a broken altar of Ashenzari.
  3196 | D:4      | Reached XP level 6. HP: 52/66 MP: 6/6
  3608 | D:4      | Noticed a black bear
  3621 | D:4      | Killed a black bear
  3622 | D:4      | Reached skill level 5 in Maces & Flails
  3622 | D:4      | Reached XP level 7. HP: 33/75 MP: 7/7
  4010 | D:5      | Entered Level 5 of the Dungeon
  5090 | D:5      | Noticed a two-headed ogre
  5098 | D:5      | Mangled by a two-headed ogre

Illustrated notes

Levels and vault maps discovered:
D:1:      lemuel_arrival_room, layout_loops_ring,
          shapermc_ecumenical_altar_acropolis
D:2:      layout_basic
D:3:      layout_basic
D:4:      layout_gridville, mainiacjoe_overflow_boulevard, minmay_crossroads
D:5:      layout_basic, nemelex_dance_club_becter, temple_doors_e,
          chequers_serial_rivers_micro_e

Skill      XL: |  1  2  3  4  5  6  7 |
---------------+----------------------+-----
Maces & Flails | 3 4 5 6 |  6.0
Dodging        | 3 4 |  4.6
Fighting       | 5 6 |  6.7

Action                   |  1- 3 |  4- 6 |  7- 9 || total
-------------------------+-------+-------+-------++-------
Melee: Mace              |    36 |    49 |       ||    85
       Punch             |     1 |     1 |     1 ||     3
       Flail             |       |    76 |    62 ||   138
Throw: Dart              |       |     2 |       ||     2
Invok: Berserk           |     1 |     2 |     3 ||     6
       Trog's Hand       |       |       |     1 ||     1
  Use: Scroll            |       |     1 |     1 ||     2
Armor: Animal skin       |    12 |    52 |    20 ||    84
Dodge: Dodged            |    33 |   102 |    47 ||   182
